 Dungeon Crawl Stone Soup version 0.28.0-53-g5a82cb258f (webtiles) character file.

Game seed: 9858749431371278837

54 LustLizard the Firebug (level 3, -1/26 HPs)
             Began as a Demonspawn Fire Elementalist on Aug 6, 2022.
             Slain by Ijyb
             ... wielding a +0 club
              (4 damage)
             ... while paralysed by Ijyb
             ... on level 3 of the Dungeon.
             The game lasted 00:05:03 (1660 turns).

LustLizard the Firebug (DsFE)                       Turns: 1660, Time: 00:05:04

Health: -1/26      AC:  3    Str:  8    XL:     3   Next: 66%
Magic:  0/6        EV:  2    Int: 18    God:
Gold:   59         SH:  0    Dex: 13    Spells: 2/6 levels left

rFire   . . .      SeeInvis .   i - +2 dagger (freeze)
rCold   . . .      Faith    .   (no shield)
rNeg    . . .      Spirit   .   a - +0 robe
rPois   .          Reflect  +   (no helmet)
rElec   .          Harm     .   (no cloak)
rCorr   .          Rampage  .   (no gloves)
Will    .....                   e - +0 pair of boots
Stlth   ++........              b - amulet of reflection
HPRegen 1.08/turn               (no ring)
MPRegen 0.10/turn               (no ring)

@: paralysed
A: powered by death 1
a: no special abilities


You were on level 3 of the Dungeon.
You visited 1 branch of the dungeon, and saw 3 of its levels.

You collected 59 gold pieces.

Inventory:

Hand Weapons
 c - a +0 dagger
 i - a +2 dagger of freezing (weapon)
Armour
 a - a +0 robe (worn)
 e - a +0 pair of boots (worn)
Jewellery
 b - an amulet of reflection (around neck)
Scrolls
 g - a scroll of teleportation {unknown}
 h - a scroll of fog {unknown}
 j - a scroll of enchant weapon {unknown}
 k - a scroll of vulnerability {unknown}
Potions
 d - a potion of lignification {unknown}
 f - 2 potions of brilliance {unknown}


   Skills:
 + Level 1.0 Fighting
 - Level 1.7 Dodging
 - Level 1.7 Stealth
 + Level 2.3 Spellcasting
 * Level 2.1 Conjurations
 * Level 3.3 Fire Magic
 * Level 0.3 Air Magic


You had 2 spell levels left.
You knew the following spells:

 Your Spells              Type           Power      Damage    Failure   Level
a - Foxfire               Conj/Fire      44%        2x1d6     6%          1
b - Swiftness             Air            3%         N/A       43%         3

Your spell library contained the following spells:

 Spells                   Type           Power      Damage    Failure   Level
 Scorch                   Fire           28%        2d6       7%          2
 Shock                    Conj/Air       24%        1d4       11%         1
 Conjure Flame            Conj/Fire      11%        6-21      17%         3
 Inner Flame              Hex/Fire       8%         N/A       26%         3
 Flame Wave               Conj/Fire      11%        2d5       50%         4
 Airstrike                Air            1%         N/A       83%         4


Dungeon Overview and Level Annotations

Branches:
Dungeon (2/15)

Altars:

Shops:
D:1 (!(:

Annotations:
D:3 Ijyb


Innate Abilities, Weirdness & Mutations

You regenerate a little health from kills.


Message History

Ijyb screams, "I no like you!" Ijyb hits you with a +0 club.
The hobgoblin hits you.
Ijyb zaps a wand.
You shrug off the repeated paralysis!
You can move again.
Unknown command.
Casting: Foxfire (safe; 6% risk of failure)
Confirm with . or Enter, or press ? or * to list all spells.
You don't have enough magic to cast this spell.
Casting: Foxfire (safe; 6% risk of failure)
Confirm with . or Enter, or press ? or * to list all spells.
You don't have enough magic to cast this spell.
You hit Ijyb. You freeze Ijyb.
Ijyb is heavily wounded.
The hobgoblin closely misses you. Ijyb hits you with a +0 club.
* * * LOW HITPOINT WARNING * * *
You hit Ijyb but do no damage.
Ijyb is heavily wounded.
The hobgoblin closely misses you. Ijyb hits you with a +0 club.
* * * LOW HITPOINT WARNING * * *
You hit Ijyb but do no damage.
Ijyb is heavily wounded.
The hobgoblin closely misses you. Ijyb barely misses you.
You barely miss Ijyb.
Ijyb is heavily wounded.
You block the hobgoblin's attack. You block Ijyb's attack.
You hit Ijyb. You freeze Ijyb.
Ijyb is severely wounded.
You block the hobgoblin's attack. Ijyb barely misses you.
Casting: Foxfire (safe; 6% risk of failure)
Confirm with . or Enter, or press ? or * to list all spells.
You conjure some foxfire!
The hobgoblin closely misses you.
Ijyb zaps a wand.
You suddenly lose the ability to move!
The foxfire hits the hobgoblin.
The hobgoblin is moderately wounded.
The foxfire hits the hobgoblin.
You kill the hobgoblin!
Ijyb zaps a wand.
You resist with significant effort.
Your Fighting skill increases to level 1!
Ijyb hits you with a +0 club.
You die...

.. .# ..
.. ##.
.### ..
... # #.
..#
#.#.#..#
#..g)..#
#@..#
#ยง#[#
#.# #
#.# #.#
#.# #.#
... ...


You could see Ijyb.

Vanquished Creatures
  A gnoll (D:1)
  4 bats
  3 endoplasms
  A giant cockroach (D:2)
  4 goblins
  4 hobgoblins
  3 jackals (D:2)
  10 kobolds
  A quokka (D:2)
  4 ball pythons
  9 rats
44 creatures vanquished.

Vanquished Creatures (collateral kills)
  A foxfire (D:2)
1 creature vanquished.

Vanquished Creatures (others)
  75 foxfires
  2 fungi (D:2)
  2 plants (D:2)
79 creatures vanquished.

Grand Total: 124 creatures vanquished

Notes
Turn   | Place    | Note
-------+----------+-------------------------------------------
     0 | D:1      | LustLizard the Demonspawn Fire Elementalist began the quest
                  | for the Orb.
     0 | D:1      | Reached XP level 1. HP: 13/13 MP: 3/3
   114 | D:1      | Found Pinligey's Weapon Emporium.
   378 | D:1      | Gained mutation: You regenerate a little health from kills.
                  | [demonic ancestry]
   378 | D:1      | Reached XP level 2. HP: 20/20 MP: 3/5
   557 | D:1      | HP: 1/20 [gnoll/+0 flail (6)]
   562 | D:1      | Reached skill level 3 in Fire Magic
   860 | D:1      | Found Omeolot's Distillery.
  1047 | D:1      | Found Utoghuab's Weapon Shop.
  1134 | D:1      | Found Saral's Book Boutique.
  1150 | D:1      | Reached XP level 3. HP: 25/25 MP: 6/6
  1212 | D:1      | Learned a level 3 spell: Swiftness
  1292 | D:2      | Found a faded altar of an unknown god.
  1633 | D:2      | You fall into a shaft and drop 1 floor!
  1641 | D:3      | Noticed Ijyb
  1647 | D:3      | Paralysed by Ijyb for 6 turns
  1658 | D:3      | Paralysed by Ijyb for 7 turns
  1660 | D:3      | Reached skill level 1 in Fighting
  1660 | D:3      | Slain by Ijyb

Illustrated notes

Levels and vault maps discovered:
D:1:      wander_arrival_chamber, layout_loops_ring, serial_shops, shop,
          shop_statue, shop_fountains, shop
D:2:      layout_basic, shapermc_ecumenical_altar_mp_urbaneastern
D:3:      layout_basic, ebering_ghost_sewer_f, uniq_ijyb

Skill      XL: |  1  2  3 |
---------------+----------+-----
Fire Magic     | 3 |  3.3
Conjurations   | 2 |  2.1
Fighting       | 1 |  1.0
Dodging        | |  1.7
Stealth        | |  1.7
Spellcasting   | |  2.3
Air Magic      | |  0.3

Action                   || total
-------------------------++-------
Melee: Dagger            ||    48
       Unarmed           ||     2
 Cast: Foxfire           ||    48
 Stab: Sleeping          ||     3
Armor: Robe              ||     6
Dodge: Dodged            ||    34
Block: Other             ||     7
